 Dungeon Crawl Stone Soup version 0.22.1-1-ga44c0e5 (webtiles) character file.

32 Anon1729 the Chopper (level 3, 0/33 HPs)
             Began as a Naga Gladiator on Sept 27, 2018.
             Slain by a goblin (3 damage)
             ... on level 1 of the Dungeon.
             The game lasted 00:01:18 (557 turns).

Anon1729 the Chopper (Naga Gladiator)                Turns: 557, Time: 00:01:19

Health: 0/33       AC:  3    Str: 16    XL:     3   Next: 27%
Magic:  3/3        EV: 10    Int:  9    God:
Gold:   29         SH:  0    Dex: 12    Spells: 2/2 levels left

rFire    x . .     SeeInvis +   a - +0 war axe
rCold    + . .     Gourm    .   (no shield)
rNeg     . . .     Faith    .   b - +0 leather armour
rPois    +         Spirit   .   c - +0 helmet
rElec    .         Reflect  .   (no cloak)
rCorr    .         Harm     .   (no gloves)
MR       .....                  (no barding)
Stlth    +.........             (no amulet)
HPRegen  0.11/turn              g - ring of ice
MPRegen  0.08/turn              (no ring)

@: short of breath, very slow
A: large, see invisible, deformed body, poison resistance, slowness 2, slow
metabolism 1, spit poison 1, AC +1
a: Spit Poison


You were on level 1 of the Dungeon.
You were not hungry.

You visited 1 branch of the dungeon, and saw 1 of its levels.

You collected 29 gold pieces.

Inventory:

Hand Weapons
 a - a +0 war axe (weapon)
Missiles
 d - 3 throwing nets (quivered)
Armour
 b - a +0 leather armour (worn)
 c - a +0 helmet (worn)
Jewellery
 g - a ring of ice (left hand)
Scrolls
 k - a scroll of teleportation {unknown}
 m - a scroll of magic mapping {unknown}
 n - a scroll of random uselessness {unknown}
Potions
 e - 2 potions of mutation {unknown}
 h - a potion of berserk rage {unknown}
 i - a potion of cancellation {unknown}
 j - a potion of haste {unknown}
Comestibles
 f - 2 rations
 l - a chunk of flesh


   Skills:
 + Level 2.3 Fighting
 * Level 3.5 Axes
 - Level 2.0 Throwing
 + Level 0.6 Armour
 + Level 2.6 Dodging


You had 2 spell levels left.
You didn't know any spells.
Your spell library was empty.

Dungeon Overview and Level Annotations

Branches:
Dungeon (1/15)

Altars:


Innate Abilities, Weirdness & Mutations

You cannot wear boots.
Your serpentine skin is tough. (AC +1)
You have supernaturally acute eyesight. (SInv)
Armour fits poorly on your strangely shaped body.
Your system is resistant to poisons. (rPois)
You cover ground very slowly.
You have a slow metabolism.
You can spit poison.


Message History

* * * LOW HITPOINT WARNING * * *
The bat hits you.
* * * LOW HITPOINT WARNING * * *
You hit the bat but do no damage.
The bat is severely wounded.
The bat hits you.
* * * LOW HITPOINT WARNING * * *
The rat barely misses you.
You closely miss the rat. The rat closely misses you.
You barely miss the rat. The rat closely misses you.
Press: ? - help, Shift-Dir - straight line, p - bat The splash of poison hits the rat.
The rat is poisoned.
You kill the rat!
You feel slightly more hungry. The bat hits you.
* * * LOW HITPOINT WARNING * * *
Unknown command.
You hit the goblin.
The goblin is almost dead.
The goblin hits you.
You die...

##.##.#.##.####.##.#.......
.....###.........+........###
##.### ###.####..#...........
#.# #.###.#.#.........# #.#
##.#.##.#..#.....(# .##
##.###.#)........# #.##
##.#.##.#..##.....### ##.#
#.###.#.#.gl..r...... ##.###
###.####.@#.###....$...
..<..# #.....)...g.#
#........
##.##.#.##.####.##.#
#..r..... ##.###.###.#
#.###.# #........
##.##.#.##.##.# #.# #...g....
.#.#.###รท#.#.# #.# #........
#...## ##...# #.# #........
##.........## #.# ##.......
#+#######+# ..


You could see a goblin.

Vanquished Creatures
  A gnoll (D:1)
  A dart slug (D:1)
  A leopard gecko (D:1)
  3 bats (D:1)
  2 giant cockroaches (D:1)
  2 goblins (D:1)
  2 hobgoblins (D:1)
  2 kobolds (D:1)
  A frilled lizard (D:1)
  2 rats (D:1)
17 creatures vanquished.

Notes
Turn   | Place    | Note
-------+----------+-------------------------------------------
     0 | D:1      | Anon1729 the Naga Gladiator began the quest for the Orb.
     0 | D:1      | Reached XP level 1. HP: 19/19 MP: 1/1
   180 | D:1      | Reached XP level 2. HP: 14/26 MP: 2/2
   550 | D:1      | Reached XP level 3. HP: 6/33 MP: 3/3
   557 | D:1      | Slain by a goblin

Skill      XL: |  1  2 |
---------------+-------+-----
Throwing       | 2 |  2.0
Fighting       | |  2.3
Axes           | |  3.5
Armour         | |  0.6
Dodging        | |  2.6

Action                   || total
-------------------------++-------
Melee: War axe           ||    51
 Abil: Spit Poison       ||     2
Armor: Leather armour    ||    28
Dodge: Dodged            ||    42
